Map: Sequencer LE

Players

Dayshi - Winner!

  • Race: Terran Terran
  • Spawn Location: 7:00

Elroye

  • Race: Zerg Zerg
  • Spawn Location: 1:00

Event: WCS Valencia 2017

VOD

Have the link to the VOD?

Description

Time

  • Played on: July 13, 2017, 11:40 a.m.
  • Length: 22:54

All games in this series

Show
View Real Time Build Order
Export as new Build Order

Dayshi Terran - Winner!

Build Orders: Command Center First (CC), Bio Tank, Hellion Banshee 

Get SALT Encoding   

  12  0:00  SCV  
  13  0:12  SCV  
  14  0:17  Supply Depot  
  14  0:25  SCV  
  15  0:38  SCV  
  16  0:50  SCV  
  17  1:01  Command Center  
  17  1:03  SCV  
  18  1:10  Refinery  
  18  1:15  SCV  
  19  1:21  Barracks  
  19  1:27  SCV  
  20  1:39  SCV  
  21  1:51  SCV  
  22  2:05  Refinery  
  22  2:08  Orbital Command, Marine  
  22  2:13  Factory, Orbital Command  
  23  2:28  Barracks Reactor  
  23  2:34  SCV  
  24  2:39  SCV  
  25  2:46  SCV  
  25  2:51  SCV  
  27  2:57  Starport  
  27  2:58  SCV  
  28  3:03  SCV  
  29  3:07  Hellion x2  
  29  3:10  SCV  
  29  3:11  Supply Depot  
  34  3:15  Barracks Tech Lab, SCV  
  35  3:22  SCV  
  36  3:27  SCV  
  36  3:29  Hellion  
  38  3:37  SCV  
  38  3:38  Hellion, Supply Depot  
  38  3:39  SCV  
  42  3:42  Banshee, Cloaking Field  
  45  3:49  SCV  
  45  3:55  Barracks Tech Lab  
  46  4:00  Hellion x2, SCV  
  46  4:02  Supply Depot  
  51  4:08  SCV, Command Center  
  52  4:12  SCV  
  52  4:15  Stimpack, Marine  
  54  4:23  SCV  
  55  4:24  SCV, Barracks  
  55  4:25  Supply Depot  
  55  4:28  Banshee  
  55  4:30  Factory Reactor  
  59  4:36  Barracks  
  59  4:37  SCV x2  
  61  4:38  Marine  
  62  4:47  Engineering Bay  
  62  4:49  SCV, Engineering Bay  
  59  4:56  Marine  
  59  4:58  SCV  
  59  4:59  Refinery  
  53  5:01  Refinery  
  53  5:05  Barracks  
  53  5:09  Barracks  
  53  5:12  SCV x2  
  53  5:13  Marine x2  
  57  5:19  Terran Infantry Weapons Level 1  
  57  5:21  Terran Infantry Armor Level 1  
  56  5:23  Factory Reactor  
  56  5:24  SCV  
  57  5:33  Orbital Command, SCV  
  58  5:36  Marine x5, SCV  
  58  5:39  Starport Reactor  
  64  5:46  SCV  
  64  5:48  SCV  
  66  5:54  Barracks Reactor, Marine x5  
  68  6:02  SCV x2  
  68  6:03  Barracks Reactor  
  70  6:11  Marine x2  
  70  6:12  Marine, Supply Depot  
  70  6:14  SCV, Supply Depot  
  70  6:15  Medivac x2, Armory  
  70  6:16  Marine  
  79  6:19  SCV  
  79  6:21  Marine  
  79  6:23  Orbital Command  
  81  6:29  Marine x2  
  81  6:31  SCV x2  
  85  6:36  Supply Depot x2  
  85  6:39  Combat Shields  
  85  6:40  Marine  
  85  6:44  Siege Tank  
  89  6:50  SCV x2  
  89  6:51  SCV  
  92  6:56  Marine, Supply Depot  
  92  6:59  Marine  
  92  7:00  Marine, Medivac  
  92  7:01  Supply Depot  
  97  7:03  Medivac  
  97  7:05  SCV  
  97  7:06  SCV x2  
  97  7:07  Marine  
  103  7:14  Terran Infantry Weapons Level 2  
  103  7:16  Siege Tank, Terran Infantry Armor Level 2  
  103  7:18  SCV x2  
  103  7:21  Supply Depot  
  108  7:23  SCV  
  108  7:24  Supply Depot  
  108  7:28  Marine  
  110  7:30  Marine x3, SCV  
  110  7:43  Marine x2  
  110  7:44  Marine x3  
  106  7:45  Medivac  
  106  7:46  Marine  
  106  7:47  Marine x2  
  106  7:48  Siege Tank  
  106  7:49  Marine  
  117  7:52  SCV x2, Refinery x2  
  117  7:53  SCV, Factory  
  117  7:55  Supply Depot  
  120  7:59  Supply Depot  
  120  8:01  Marine x4  
  120  8:02  Marine  
  120  8:04  Marine  
  120  8:05  Marine x2  
  126  8:07  Marine, Barracks  
  126  8:09  Barracks  
  129  8:19  Marine x4  
  127  8:20  Siege Tank  
  127  8:23  Marine x4  
  127  8:24  Command Center  
  127  8:25  Marine  
  137  8:31  Medivac  
  137  8:36  Concussive Shells  
  137  8:37  Marine x4, Medivac  
  137  8:40  Supply Depot  
  137  8:41  Marine, Supply Depot  
  144  8:46  Factory Tech Lab  
  144  8:47  Marauder, Marine x3  
  140  8:54  Marine x2  
  140  8:55  Marine x2  
  140  8:56  Marine x2  
  140  9:01  Siege Tank, Medivac  
  147  9:07  Medivac  
  149  9:16  Marine x4  
  155  9:17  Marauder  
  155  9:18  Barracks Tech Lab x2  
  155  9:23  Siege Tank, Marine, Terran Vehicle Weapons Level 1  
  155  9:24  Marine x3  
  146  9:31  Medivac  
  146  9:33  Siege Tank, Marine  
  146  9:34  Marine x3  
  146  9:37  Medivac  
  159  9:38  Marauder  
  159  9:41  Marine x3  
  159  9:42  Marauder, Marine x2  
  166  9:51  Marine  
  166  9:52  Marine x3  
  170  9:57  Siege Tank, Command Center  
  170  9:59  Marauder, Marine  
  178  10:00  Marauder  
  178  10:01  Medivac  
  178  10:06  Marauder, Marine  
  183  10:07  Supply Depot  
  183  10:13  Planetary Fortress  
  182  10:21  Marine x2  
  182  10:22  Marauder, Refinery  
  185  10:32  Marauder x2, Marine x4  
  192  10:42  Marine  
  171  10:43  Marauder, Marine  
  171  10:44  Marine  
  171  10:45  Marine  
  171  10:49  Marine  
  164  10:50  Marine x2  
  164  10:52  Terran Infantry Weapons Level 3, Terran Infantry Armor Level 3  
  164  10:54  Marauder x2  
  164  10:55  Siege Tank  
  167  11:09  Siege Tank  
  167  11:10  Marine  
  167  11:11  Marauder  
  164  11:19  Marauder, Marine x4  
  164  11:20  Marauder, Marine x2  
  164  11:23  Medivac x2  
  178  11:32  Terran Vehicle Weapons Level 2  
  168  11:33  Marauder, Marine x2  
  168  11:35  Factory  
  168  11:37  Marine  
  173  11:41  Marauder  
  173  11:42  Marine  
  173  11:43  Siege Tank  
  173  11:45  Siege Tank  
  182  11:55  Marine  
  182  11:56  Marauder  
  182  12:01  Marauder, Marine  
  181  12:15  Siege Tank, Marine x3  
  179  12:16  Marauder, Marine x2  
  179  12:17  Siege Tank, Marauder  
  194  12:23  Marauder  
  194  12:27  Marine x3  
  194  12:28  Medivac  
  194  12:29  Factory Tech Lab  
  199  12:33  Marine  
  199  12:34  Planetary Fortress  
  196  12:37  Marauder  
  196  12:40  Marine x2, Command Center  
  196  12:41  Marauder  
  196  13:00  Marauder, Marine x2  
  198  13:08  Marauder  
  200  13:17  Starport  
  199  13:25  Marauder, Marine x4  
  199  13:26  Marauder  
  190  13:27  Siege Tank x2  
  190  13:30  Marauder  
  191  13:42  Marine  
  191  13:43  Marine x2  
  191  13:44  Viking x2  
  191  13:47  Marauder  
  200  13:54  Siege Tank  
  195  13:58  Orbital Command  
  195  14:03  Terran Vehicle Weapons Level 3  
  195  14:05  Starport Reactor, Command Center, Building Armor  
  195  14:13  Medivac  
  195  14:14  Medivac  
  199  14:22  Marauder, Marine x2  
  185  14:26  Liberator x2  
  185  14:28  Marauder, Marine x2  
  185  14:29  Marauder  
  174  14:32  Marine x4  
  174  14:35  Liberator x2  
  167  14:39  Marine  
  167  14:42  Refinery  
  167  14:44  Marauder  
  174  14:50  Marauder, Marine x4  
  174  14:51  Marauder, Marine x2  
  171  15:05  Marauder  
  168  15:08  Marine x2  
  168  15:10  Marine x2  
  168  15:11  Marauder, Marine  
  168  15:12  Marauder  
  159  15:17  Liberator, Marine  
  158  15:26  Marauder, Marine x4, Medivac x2  
  158  15:27  Sensor Tower  
  158  15:28  Marine x3  
  168  15:33  Marauder x2  
  168  15:35  Marine  
  178  15:36  Refinery  
  178  15:43  Refinery  
  178  15:44  Marine x4  
  178  15:46  Marine x2, Refinery  
  178  15:48  Marauder  
  184  15:54  Marauder  
  184  15:55  Marauder  
  188  15:58  Liberator x2  
  188  16:00  Marine x2  
  188  16:01  Marine  
  188  16:02  Siege Tank x2, Marine x2  
  162  16:07  Siege Tank  
  162  16:09  Marauder  
  141  16:12  Marine  
  141  16:15  Marauder  
  128  16:19  Marine  
  128  16:20  Marauder  
  128  16:21  Marine  
  104  16:34  Marauder, Marine x2  
  104  16:37  Marauder  
  100  16:40  Marine  
  100  16:42  Marine  
  100  16:46  Marine  
  98  16:47  Marauder  
  97  16:54  Orbital Command  
  97  16:55  Marine x2  
  97  16:56  Marauder  
  101  17:03  Marauder, Marine x2  
  105  17:08  Marine  
  105  17:09  Marauder, Marine x3  
  105  17:11  SCV  
  105  17:12  SCV x3  
  105  17:15  Medivac x2  
  117  17:17  Marauder  
  117  17:22  Liberator x2  
  121  17:23  SCV  
  121  17:27  Marauder, Marine x6  
  130  17:30  Marauder  
  130  17:42  Marauder, Marine x2  
  140  17:48  Marauder  
  140  17:49  Marine x2  
  142  17:58  Marauder, Marine x4  
  144  18:03  Reaper  
  144  18:04  Marauder, Orbital Command  
  144  18:05  Siege Tank  
  153  18:11  Marauder, Marine x3  
  156  18:16  Marine x2  
  156  18:19  Marine  
  158  18:20  Marauder, Marine  
  162  18:31  Medivac  
  162  18:33  Marauder x2, Marine x3  
  162  18:34  Marine x2  
  171  18:35  Marine  
  171  18:37  Marine  
  171  18:41  Refinery x2  
  172  18:52  Marine  
  172  18:53  Marauder, Marine x3  
  172  18:54  Marauder  
  172  18:55  Marauder  
  181  19:07  Marine x4  
  183  19:13  Siege Tank, Marine  
  183  19:14  Liberator x2  
  183  19:16  Marauder x2  
  157  19:27  Marine x2  
  136  19:33  Marine  
  136  19:34  Marauder  
  145  19:45  Marauder, Marine x5  
  151  19:46  Marauder, Marine  
  152  19:55  Marauder  
  152  19:58  Planetary Fortress  
  154  20:00  Marine  
  154  20:01  Marine  
  154  20:03  Marine  
  154  20:05  SCV x3  
  162  20:07  Marauder  
  162  20:08  Marauder, Marine x2  
  166  20:25  Liberator x3  
  164  20:29  Marine x3  
  164  20:30  Marauder x3, Marine  
  174  20:36  Orbital Command  
  177  20:48  Supply Depot  
  177  20:49  Supply Depot  
  183  20:52  Liberator  
  178  21:26  Marine  
  178  21:27  Marauder x3, Marine x5  
  178  21:28  Medivac x3  
  178  21:31  Ghost Academy  
  190  21:37  Siege Tank x2  
  195  21:46  SCV x3  
  195  21:47  SCV x2  
  199  22:02  Refinery  
  199  22:18  Factory Tech Lab, Ghost  
  199  22:23  Ghost  
Show
View Real Time Build Order
Export as new Build Order

Elroye Zerg 

Build Orders: Hatch First 

Get SALT Encoding   

  12  0:00  Drone  
  13  0:12  Overlord  
  13  0:17  Drone  
  14  0:30  Drone  
  14  0:31  Drone  
  14  0:34  Drone  
  17  0:52  Hatchery  
  17  0:55  Drone  
  17  0:58  Drone  
  18  1:05  Extractor  
  17  1:13  Spawning Pool  
  17  1:16  Drone  
  17  1:20  Drone  
  18  1:28  Drone  
  19  1:39  Overlord  
  19  1:54  Drone  
  19  2:00  Zergling x2  
  21  2:01  Queen  
  21  2:04  Queen, Zergling x2  
  21  2:07  Metabolic Boost  
  26  2:11  Drone  
  27  2:16  Drone  
  28  2:23  Drone  
  28  2:27  Drone  
  30  2:35  Drone  
  31  2:41  Queen  
  31  2:42  Overlord  
  33  2:44  Queen  
  33  2:46  Drone  
  36  3:01  Drone  
  36  3:02  Drone x2  
  36  3:05  Drone  
  40  3:09  Drone  
  40  3:10  Drone  
  40  3:11  Drone x2  
  44  3:20  Hatchery  
  44  3:22  Overlord  
  44  3:24  Drone  
  44  3:35  Overlord  
  44  3:39  Queen  
  44  3:41  Drone x2  
  48  3:43  Queen  
  48  3:45  Drone x2  
  52  4:00  Spore Crawler  
  52  4:02  Spore Crawler, Drone x5  
  55  4:03  Drone x2  
  57  4:10  Drone  
  57  4:13  Evolution Chamber  
  57  4:14  Evolution Chamber  
  56  4:20  Extractor, Drone  
  56  4:23  Zergling x2  
  57  4:29  Spore Crawler  
  57  4:30  Zergling x4  
  57  4:31  Zergling x6  
  60  4:32  Zergling x4  
  60  4:33  Queen  
  60  4:37  Drone  
  66  4:39  Overlord  
  66  4:44  Zerg Ground Armor Level 1  
  66  4:46  Zerg Missile Weapons Level 1  
  65  4:55  Drone  
  65  4:56  Drone  
  66  5:02  Lair  
  66  5:03  Drone x7  
  66  5:05  Spore Crawler  
  72  5:13  Drone  
  72  5:14  Drone x2  
  74  5:17  Overlord  
  74  5:20  Extractor  
  74  5:21  Drone x2  
  73  5:25  Overlord  
  73  5:27  Extractor  
  72  5:30  Baneling Nest  
  72  5:31  Drone x2  
  73  5:36  Overlord  
  73  5:38  Drone  
  73  5:47  Drone x6  
  79  5:56  Drone  
  78  6:05  Overseer  
  78  6:07  Drone x2  
  78  6:11  Drone x5  
  82  6:13  Drone x2  
  82  6:14  Hydralisk Den  
  82  6:15  Extractor  
  82  6:16  Drone  
  86  6:20  Extractor  
  84  6:26  Hatchery  
  84  6:31  Drone x3  
  84  6:34  Baneling x3  
  84  6:39  Overlord x3  
  84  6:43  Muscular Augments  
  84  6:44  Zerg Missile Weapons Level 2, Zerg Ground Armor Level 2  
  84  6:49  Drone x2  
  84  6:50  Drone x2  
  84  6:51  Overlord x2  
  84  6:52  Zergling x2  
  84  6:53  Baneling x2  
  89  7:03  Hydralisk  
  89  7:04  Hydralisk x4, Zergling x2  
  100  7:10  Hydralisk  
  100  7:11  Hydralisk  
  100  7:15  Hydralisk  
  106  7:19  Zergling x10  
  111  7:22  Hatchery  
  111  7:29  Hydralisk x3  
  106  7:53  Hydralisk x5  
  106  7:54  Zergling x2  
  106  7:55  Zergling x16  
  125  8:02  Zergling x4  
  125  8:04  Overlord  
  129  8:06  Drone x2  
  131  8:18  Hydralisk x3  
  136  8:34  Hydralisk x2, Zergling x2  
  127  8:35  Zergling x22  
  139  8:41  Hatchery  
  135  8:52  Hydralisk  
  135  8:53  Zergling x4  
  138  8:59  Overlord x3  
  138  9:03  Overlord  
  138  9:09  Infestation Pit  
  137  9:24  Drone x3  
  139  9:27  Drone  
  139  9:28  Drone  
  139  9:29  Drone x2  
  139  9:30  Drone  
  139  9:31  Drone x2  
  143  9:41  Hatchery, Zergling x20  
  143  9:42  Zerg Melee Weapons Level 1  
  143  9:45  Hive  
  152  9:47  Zergling x2  
  152  9:51  Baneling x11  
  152  9:52  Baneling  
  153  9:53  Zergling x6  
  145  10:10  Zergling x18  
  154  10:14  Zergling x2  
  154  10:15  Zergling x4  
  156  10:32  Centrifical Hooks  
  156  10:35  Zergling x20  
  124  10:51  Zergling x14  
  127  11:04  Drone x2  
  127  11:05  Zergling x4  
  127  11:06  Zergling x6, Ultralisk Cavern  
  127  11:10  Baneling  
  127  11:11  Baneling x5  
  130  11:15  Zerg Ground Armor Level 3  
  128  11:19  Zergling x8  
  128  11:24  Drone x3  
  131  11:34  Baneling x4  
  131  11:37  Queen  
  133  11:40  Zerg Melee Weapons Level 2  
  133  11:43  Hatchery  
  132  11:52  Chitinous Plating  
  132  11:54  Ultralisk x3  
  142  11:56  Adrenal Glands  
  146  12:14  Overlord x3  
  146  12:15  Overlord x2  
  144  12:25  Drone x2  
  144  12:26  Drone  
  144  12:32  Queen  
  144  12:34  Ultralisk x4  
  144  12:36  Zergling x10  
  175  12:39  Viper  
  175  12:41  Viper  
  177  12:54  Baneling  
  177  12:55  Baneling x3  
  177  12:56  Zergling x18  
  180  13:02  Viper x2  
  169  13:31  Ultralisk x2  
  169  13:32  Ultralisk  
  187  13:34  Overlord  
  187  13:35  Zergling x4  
  187  13:36  Overlord  
  185  13:56  Drone x3  
  185  13:57  Zergling x12  
  185  13:58  Zergling x6  
  197  14:06  Zergling x2  
  197  14:07  Zergling x4  
  194  14:30  Ultralisk, Zergling x2  
  194  14:31  Zergling x6  
  199  14:36  Baneling x6  
  184  14:53  Zergling x20  
  184  14:54  Zergling x4  
  187  15:04  Zergling x4  
  187  15:05  Zergling x2  
  172  15:15  Drone x4  
  172  15:16  Drone  
  177  15:26  Ultralisk x2  
  177  15:27  Zergling x4  
  191  15:29  Baneling x6  
  191  15:34  Zergling x2  
  192  15:38  Extractor  
  192  15:39  Zergling x2  
  192  15:40  Zergling x10  
  192  15:42  Baneling x6  
  154  16:11  Zergling x2  
  154  16:12  Zergling x30  
  150  16:22  Zergling x2  
  144  16:29  Ultralisk, Zergling x2  
  144  16:30  Zergling x2  
  136  16:59  Ultralisk x2  
  146  17:07  Hatchery  
  145  17:10  Hydralisk  
  147  17:29  Hatchery  
  146  17:36  Hydralisk x2  
  147  17:53  Drone x2  
  147  17:54  Drone  
  148  17:58  Hydralisk  
  148  18:04  Zergling x4  
  152  18:08  Zergling x4  
  152  18:09  Zergling x2  
  155  18:17  Hatchery  
  153  18:23  Zergling x10  
  158  18:36  Baneling x7  
  158  18:40  Ultralisk  
  164  18:49  Zergling x12  
  164  18:50  Zergling x2  
  164  18:51  Baneling x3  
  164  18:52  Baneling  
  171  19:02  Zergling x14  
  175  19:08  Baneling x2  
  110  19:50  Baneling  
  110  19:51  Viper x4, Baneling x5  
  122  19:54  Ultralisk x2  
  122  19:55  Zergling x8  
  122  19:56  Zergling x2  
  139  20:08  Drone x6  
  145  20:19  Baneling  
  134  20:45  Hatchery  
  133  20:56  Hatchery  
  132  20:59  Drone x2  
  132  21:03  Baneling x2  
  134  21:04  Zergling x2  
  134  21:05  Zergling x4  
  133  21:12  Drone  
  127  21:23  Hydralisk  
  128  21:43  Drone x3  
  131  21:58  Hydralisk x2  
  134  22:01  Hydralisk  
  134  22:06  Hydralisk  
  134  22:28  Zergling x2  
  134  22:29  Zergling x6  
Tags
 
Add a new tag
Caveats
  • Supply blocks, unpowered buildings, or Contaminate may cause inaccurate times.
  • Supply counts are checked every 10 seconds.